 Dungeon Crawl Stone Soup version 0.29-a0-775-g4d7333d4e2 (webtiles) character file.

Game seed: 3275175425950457062

3138 freelancePsychic the Carver (level 9, 0/85 HPs)
             Began as a Minotaur Brigand on July 1, 2022.
             Was a Believer of Trog.
             Killed from afar by a steam dragon (17 damage)
             ... with a ball of steam
             ... on level 7 of the Dungeon.
             The game lasted 00:12:22 (7853 turns).

freelancePsychic the Carver (Minotaur Brigand)      Turns: 7853, Time: 00:12:22

Health: 0/85       AC:  9    Str: 17    XL:     9   Next: 61%
Magic:  8/8        EV:  7    Int:  8    God:    Trog [**....]
Gold:   318        SH:  0    Dex: 15    Spells: 8/8 levels left

rFire   . . .      SeeInvis .   B - +1 long sword (vorpal)
rCold   . . .      Faith    .   D - orb {light}
rNeg    . . .      Spirit   .   u - +0 chain mail
rPois   .          Reflect  .   (helmet restricted)
rElec   .          Harm     .   c - +0 cloak
rCorr   .          Rampage  .   (no gloves)
Will    ++...                   (no boots)
Stlth   ..........              (no amulet)
HPRegen 1.24/turn               m - ring of flight
MPRegen 0.11/turn               (no ring)

@: strong-willed, flying, regenerating, glowing
A: horns 2, retaliatory headbutt
a: Renounce Religion, Berserk, Trog's Hand


You were on level 7 of the Dungeon.
You worshipped Trog.
Trog was pleased with you.
You visited 1 branch of the dungeon, and saw 7 of its levels.
You also visited: Sewer.

You collected 318 gold pieces.

Inventory:

Hand Weapons
 a - a +2 dagger
 l - a +0 spear
 r - a +0 short sword of venom
 B - a +1 vorpal long sword (weapon)
Missiles
 d - 13 poisoned darts
 e - 3 curare-tipped darts (quivered)
Armour
 c - a +0 cloak (worn)
 s - a +0 ring mail
 u - a +0 chain mail (worn)
 D - an orb of light (worn)
Jewellery
 m - a ring of flight (left hand)
Wands
 p - a wand of charming (21)
 v - a wand of mindburst (17)
 E - a wand of flame (1)
Scrolls
 b - 2 scrolls of blinking
 f - a scroll of fear
 g - 3 scrolls of teleportation {@r4}
 j - a scroll of vulnerability
 o - 3 scrolls of noise
 w - a scroll of poison {unknown}
 x - a scroll of fog
 y - a scroll of enchant armour {unknown}
Potions
 h - 2 potions of curing {@q1}
 i - 2 potions of brilliance {unknown}
 k - 3 potions of heal wounds {unknown}
 n - 3 potions of attraction {unknown}
 q - 2 potions of lignification {unknown}
 t - a potion of haste {unknown}
 z - a potion of mutation {unknown}
 A - 2 potions of flight {unknown}
 C - 3 potions of berserk rage {unknown}
 F - a potion of might {unknown}


   Skills:
 + Level 9.8 Fighting
 - Level 3.3(8.1) Short Blades
 * Level 12.5(12.7) Long Blades
 - Level 1.2 Polearms
 - Level 2.0 Throwing
 - Level 1.1 Dodging
 - Level 3.2 Stealth


You had 8 spell levels left.
You didn't know any spells.
Your spell library was empty.

Dungeon Overview and Level Annotations

Branches:
Dungeon (7/15)              Sewer (visited)
 Temple: D:4-7

Altars:
Ashenzari
Nemelex Xobeh
Trog

Shops:
D:2 ?=(*(

Annotations:
D:3 exclusions: 2 orcs and orc priest


Innate Abilities, Weirdness & Mutations

You have a pair of horns on your head.
You reflexively headbutt those who attack you in melee.


Message History

The steam dragon attacks as you move away!
The steam dragon bites you!
The steam dragon claws you but does no damage.
The howler monkey hoots and howls with incredible vigour!
The gnoll hits you with a +0 whip! The gnoll attacks as you move away!
The gnoll hits you with a +0 whip.
The howler monkey is engulfed in a cloud of scalding steam.
The gnoll is engulfed in a cloud of scalding steam.
The bouda gazes fiercely through you!
You feel your attacks grow feeble.
The howler monkey attacks as you move away!
The howler monkey closely misses you.
The bouda calls upon its god to heal the gnoll.
The gnoll is healed somewhat.
The gnoll hits you but does no damage. The howler monkey barely misses you.
You furiously retaliate!
You headbutt the howler monkey.
You kill the howler monkey!
Trog accepts your kill. The gnoll attacks as you move away!
The gnoll hits you with a +0 whip. The steam dragon breathes steam at you.
The ball of steam hits the gnoll.
The ball of steam hits you!
* * * LOW HITPOINT WARNING * * *
The gnoll is engulfed in a cloud of scalding steam.
Your skin crawls.
You feel strong-willed.
You are engulfed in a cloud of scalding steam.
* * * LOW HITPOINT WARNING * * *
The gnoll is engulfed in a cloud of scalding steam.
The gnoll hits you with a +0 whip.
* * * LOW HITPOINT WARNING * * *
The gnoll is engulfed in a cloud of scalding steam.
The gnoll dies!
The gnoll attacks as you move away! The gnoll closely misses you.
You furiously retaliate!
You headbutt the gnoll.
You kill the gnoll!
Trog accepts your kill.
Your attacks no longer feel as feeble.
The steam dragon breathes steam at you. The ball of steam hits you!
You die...

.......)..# ##..#
....!..)..# ##..##
.....g.)).###...###
..................#
........g§#.#..####
[........#D§#.##
........##§##.#
##.#######§§(.# #.
##@.### #..## #.#
##[.# #.# #...#
#.#####.#.#
#.##....#<# ###
#.##.###..# ..#
#.#..# .## ..#
###.#.###..##


There were no monsters in sight!

Vanquished Creatures
  Pikel (D:6)
  4 yaks (D:5)
  A water moccasin (D:5)
  Pargi (D:3)
  2 black bears
  2 ogres
  A centaur (D:6)
  A lemure (D:6)
  2 bullfrogs
  2 necrophages
  2 scorpions
  3 wights (D:7)
  3 killer bees (D:5)
  3 howler monkeys
  3 hounds
  3 orc priests
  Terence (D:3)
  An iguana (D:5)
  2 orc wizards (D:7)
  A hell rat (Sewer)
  14 adders
  14 gnolls
  2 river rats (Sewer)
  A shadow imp (D:5)
  A white imp (D:6)
  An ufetubus (D:5)
  A worm (D:2)
  3 dart slugs
  19 orcs
  7 bats
  5 endoplasms
  4 giant cockroaches
  6 goblins
  5 hobgoblins
  A jackal (D:4)
  3 kobolds
  4 quokkas
  7 ball pythons
  4 frilled lizards
  12 rats
153 creatures vanquished.

Vanquished Creatures (others)
  A gnoll (D:7)
  4 plants (D:6)
5 creatures vanquished.

Grand Total: 158 creatures vanquished

Notes
Turn   | Place    | Note
-------+----------+-------------------------------------------
     0 | D:1      | freelancePsychic the Minotaur Brigand began the quest for
                  | the Orb.
     0 | D:1      | Reached XP level 1. HP: 18/18 MP: 0/0
   466 | D:1      | Reached XP level 2. HP: 18/26 MP: 1/1
   844 | D:2      | Found Hymo Gag's Jewellery Shoppe.
   884 | D:2      | Found Tewuamm's Assorted Antiques.
   933 | D:2      | Reached XP level 3. HP: 31/31 MP: 2/2
  1404 | D:2      | Reached skill level 1 in Polearms
  1660 | D:2      | Found Wuyrelar's Antique Weapon Emporium.
  1683 | D:2      | Reached XP level 4. HP: 31/40 MP: 3/3
  1826 | D:2      | Reached skill level 1 in Long Blades
  2051 | D:2      | Reached skill level 2 in Long Blades
  2176 | D:2      | Found Boh Ymab's Antique Weapon Boutique.
  2229 | D:2      | Found Siphaob's Magic Scroll Shoppe.
  2513 | D:3      | Reached XP level 5. HP: 43/47 MP: 4/4
  2569 | D:2      | Reached skill level 3 in Long Blades
  2781 | D:3      | Noticed Pargi
  3013 | D:3      | Killed Pargi
  3014 | D:3      | Reached skill level 5 in Fighting
  3014 | D:3      | Reached skill level 4 in Long Blades
  3014 | D:3      | Reached XP level 6. HP: 48/56 MP: 5/5
  3951 | D:3      | Noticed Terence
  3960 | D:3      | Killed Terence
  3961 | D:3      | Reached skill level 5 in Long Blades
  4120 | D:3      | Found a faded altar of an unknown god.
  4250 | D:4      | Found a sparkling altar of Nemelex Xobeh.
  4275 | D:4      | Found a bloodstained altar of Trog.
  4296 | D:4      | Became a worshipper of Trog the Wrathful
  4507 | D:4      | Found a broken altar of Ashenzari.
  4637 | D:4      | Reached skill level 6 in Long Blades
  4637 | D:4      | Reached XP level 7. HP: 53/62 MP: 6/6
  4896 | D:5      | Entered Level 5 of the Dungeon
  5003 | D:5      | Reached skill level 7 in Long Blades
  5219 | D:5      | Reached skill level 8 in Long Blades
  5219 | D:5      | Reached XP level 8. HP: 26/73 MP: 7/7
  5503 | D:5      | Reached * piety under Trog
  5524 | D:5      | Found a glowing drain.
  5534 | Sewer    | Entered a sewer
  6210 | D:5      | Reached skill level 9 in Long Blades
  6228 | D:5      | Reached skill level 10 in Long Blades
  6957 | D:6      | Reached XP level 9. HP: 72/82 MP: 8/8
  6963 | D:6      | Noticed Pikel
  6985 | D:6      | Killed Pikel
  6986 | D:6      | Reached skill level 11 in Long Blades
  7096 | D:6      | Identified the +4 dagger of the Solemn God {spect, Fly}
  7631 | D:7      | Reached skill level 12 in Long Blades
  7826 | D:7      | Reached ** piety under Trog
  7853 | D:7      | Killed from afar by a steam dragon

Illustrated notes

Levels and vault maps discovered:
D:1:      heliophobic_arrival_enchanted_forest, layout_basic
D:2:      layout_loops_ring, serial_shops, nicolae_lakefront_shop, shop_statue,
          shop, nicolae_shop_hallway_plus, nicolae_shop_advertising_works
          [nicolae_subvault_shop_adworks]
D:3:      layout_loops_ring, nicolae_ecumenical_lake_church, uniq_pargi,
          uniq_terence
D:4:      layout_rooms, nicolae_ashenzari_skybound,
          mainiacjoe_overflow_catwalk_spiral, serial_bayou_pond_c, st_stairs_3
D:5:      layout_loops_corners, gup_sewer_entry_bubbles
D:6:      layout_rooms, serial_bayou_crossing, uniq_pikel
D:7:      layout_rooms, temple_hall

Skill      XL: |  1  2  3  4  5  6  7  8  9 |
---------------+----------------------------+-----
Fighting       | 3 4 5 7 8 9 |  9.8
Short Blades   | 3 |  3.3
Polearms       | 1 |  1.2
Long Blades    | 2 4 6 8 10 12 | 12.5
Throwing       | |  2.0
Dodging        | |  1.1
Stealth        | |  3.2

Action                   |  1- 3 |  4- 6 |  7- 9 || total
-------------------------+-------+-------+-------++-------
Melee: Dagger            |    42 |    69 |       ||   111
       Headbutt          |    12 |    36 |    39 ||    87
       Spear             |    30 |    10 |       ||    40
       Falchion          |       |    43 |       ||    43
       Punch             |       |     4 |     4 ||     8
       Short sword       |       |    32 |   166 ||   198
       Long sword        |       |       |    77 ||    77
Throw: Dart              |     9 |    25 |       ||    34
Invok: Berserk           |       |       |     3 ||     3
       Trog's Hand       |       |       |     1 ||     1
  Use: Scroll            |     1 |     2 |     3 ||     6
       Potion            |       |       |     2 ||     2
 Stab: Sleeping          |     5 |     3 |       ||     8
Armor: Leather armour    |    16 |    21 |       ||    37
       Ring mail         |       |    16 |       ||    16
       Chain mail        |       |     3 |    98 ||   101
Dodge: Dodged            |    30 |    73 |    75 ||   178

Table legend: (Time is in decaauts)
 A = Elapsed time spent in this place.
 B = Non-inter-level travel time spent in this place.
 C = Inter-level travel time spent in this place.
 D = Time resting spent in this place.
 E = Time spent auto-exploring this place.
 F = Levels seen in this place.
 G = Mean time per level.
                   A        B        C        D        E       F      G
               +--------+--------+--------+--------+--------+-----+--------+
         Total |   7810 |   7638 |    172 |    872 |   5367 |   8 |  976.2 |
       Dungeon |   7566 |   7394 |    172 |    872 |   5170 |   7 | 1080.9 |
         Sewer |    244 |    244 |      0 |      0 |    196 |   1 |  244.0 |
               +--------+--------+--------+--------+--------+-----+--------+

Top non-repeatable levels by time:
     D:5: 1852 daAuts
     D:2: 1801 daAuts
     D:3: 1414 daAuts
     D:1: 1009 daAuts
     D:4: 647 daAuts
     D:6: 611 daAuts
   Sewer: 244 daAuts
     D:7: 229 daAuts
